 Dungeon Crawl Stone Soup version 0.29-a0-1027-gcd8c55af63 (webtiles) character file.

Game seed: 16811200459100087403

120 Zonian the Grave Robber (level 4, 0/45 HPs)
             Began as a Demonspawn Necromancer on Aug 13, 2022.
             Slain by an iron imp (7 damage)
             ... summoned by Natasha
             ... on level 3 of the Dungeon.
             The game lasted 00:09:56 (2885 turns).

Zonian the Grave Robber (Demonspawn Necromancer)    Turns: 2885, Time: 00:09:56

Health: 0/45       AC: 26    Str:  9    XL:     4   Next: 75%
Magic:  3/8        EV:  2    Int: 18    God:
Gold:   67         SH:  4    Dex: 13    Spells: 7/8 levels left

rFire   . . .      SeeInvis .   g - +1 dagger
rCold   . . .      Faith    .   (no shield)
rNeg    . . .      Spirit   .   (body armour currently unavailable)
rPois   +          Reflect  .   (helmet currently unavailable)
rElec   .          Harm     .   (cloak currently unavailable)
rCorr   .          Rampage  .   (gloves currently unavailable)
Will    .....      NoTele   +   (boots currently unavailable)
Stlth   ++........              (no amulet)
HPRegen 0.15/turn               e - +4 ring of protection
MPRegen 0.11/turn               (no ring)

@: brilliant, tree-form, attractive, slowed, very slow
A: stationary, stasis, torment immunity, boosted hp, (molten scales 1), demonic
guardian 1, condensation shield
a: no special abilities


You were on level 3 of the Dungeon.
You were a tree.
You visited 1 branch of the dungeon, and saw 3 of its levels.

You collected 67 gold pieces.

Inventory:

Hand Weapons
 g - a +1 dagger (weapon)
 o - a +0 long sword
Missiles
 f - 4 poisoned darts
Armour
 a - a +0 robe (melded)
 n - a +0 cloak (melded)
Jewellery
 c - a ring of flight
 e - a +4 ring of protection (left branch)
Scrolls
 h - 2 scrolls of teleportation
 r - a scroll of enchant weapon
Potions
 d - a potion of flight


   Skills:
 + Level 2.7 Dodging
 + Level 2.9 Stealth
 + Level 2.8 Spellcasting
 + Level 5.1 Necromancy


You had 7 spell levels left.
You knew the following spells:

 Your Spells              Type           Power      Damage    Failure   Level
a - Necrotise             Necr           100%       1d9       1%          1

Your spell library contained the following spells:

 Spells                   Type           Power      Damage    Failure   Level
 Vampiric Draining        Necr           31%        2d8       6%          3
 Animate Dead             Necr           31%        N/A       21%         4
 Dazzling Flash           Conj/Hex       6%         N/A       45%         3
 Agony                    Necr           31%        N/A       50%         5
 Iskenderun's Mystic Bla  Conj/Tloc      3%         2d3       86%         4
 Starburst                Conj/Fire      1%         6d3       100%        6


Dungeon Overview and Level Annotations

Branches:
Dungeon (3/15)

Altars:
Ashenzari

Portals:
Sewer: D:3

Annotations:
D:3 Natasha


Innate Abilities, Weirdness & Mutations

You are a tree.
Your roots penetrate the ground, keeping you stationary.
You cannot be teleported.
You are immune to unholy pain and torment.
Your maximum health is greatly increased.
Your equipment is partially melded.
((You are partially covered in molten scales. (AC +2)))
A weak demonic guardian rushes to your aid.
A meltable shield of frost defends you. (SH +4)


Message History

The dead are slithering!
Natasha casts a spell at you. You resist with some effort.
Your ball python skeleton bites Natasha.
Your ball python skeleton grabs Natasha.
Your ball python skeleton constricts Natasha.
Your white imp hits the orc.
Your white imp freezes the orc.
The orc dies!
Natasha zaps a wand.
You turn into a tree.
Your +0 cloak melds into your body.
Your +0 robe melds into your body.
Your roots penetrate the ground.
Your white imp hits the iron imp but does no damage.
Your ball python skeleton barely misses Natasha.
Your ball python skeleton constricts Natasha.
Casting: Necrotise (safe; 1% risk of failure)
Confirm with . or Enter, or press ? or * to list all spells.
Aiming: Necrotise (safe; 1% risk of failure)
Press: ? - help, Shift-Dir - straight line, f - worm
Aim: a worm (ally target, chance to affect: 88%)
You feel a surge of power!
The worm writhes in agony.
You hear the brisk rusting of a drain nearby.
Natasha struggles to escape constriction.
Your ball python skeleton bites Natasha but does no damage.
Your ball python skeleton constricts Natasha.
Your white imp closely misses the iron imp.
The iron imp hits you but does no damage.
Natasha struggles to escape constriction.
The worm bites you.
* * * LOW HITPOINT WARNING * * *
Casting: Necrotise (safe; 1% risk of failure)
Confirm with . or Enter, or press ? or * to list all spells.
Aiming: Necrotise (safe; 1% risk of failure)
Press: ? - help, Shift-Dir - straight line, f/p - worm
Aim: a worm (lightly wounded, ally target, chance to affect: 88%)
You feel a surge of power!
The worm barely resists.
Your adder skeleton bites the worm but does no damage.
Your ball python skeleton bites Natasha but does no damage.
Your ball python skeleton constricts Natasha.
Your white imp hits the iron imp but does no damage.
Natasha escapes!
The iron imp hits you!
You die...

############
#..........#
#..........#####
##..............#
........Z♣5.....#
........w5h.....#
................#
#####..Z.......#
#........).#
#..........# ....
#..........+ .....
#.........)#
......+...?......+


You could see a worm (ally target), an iron imp (summoned), Natasha (ally
target), a friendly white imp (summoned), a friendly ball python skeleton and a
friendly adder skeleton.

Vanquished Creatures
  Natasha (D:3)
  3 adders (D:3)
  A worm (D:2)
  2 dart slugs (D:1)
  An orc (D:3)
  6 ball pythons
  2 bats
  6 endoplasms
  5 goblins
  3 hobgoblins
  8 jackals
  6 kobolds
  A quokka (D:1)
  6 frilled lizards
  5 rats
56 creatures vanquished.

Vanquished Creatures (collateral kills)
  An orc (D:3)
  A jackal (D:3)
2 creatures vanquished.

Vanquished Creatures (others)
  4 plants (D:1)
4 creatures vanquished.

Grand Total: 62 creatures vanquished

Notes
Turn   | Place    | Note
-------+----------+-------------------------------------------
     0 | D:1      | Zonian the Demonspawn Necromancer began the quest for the
                  | Orb.
     0 | D:1      | Reached XP level 1. HP: 13/13 MP: 3/3
   388 | D:1      | Gained mutation: A weak demonic guardian rushes to your
                  | aid. [demonic ancestry]
   388 | D:1      | Reached XP level 2. HP: 9/19 MP: 0/5
  1270 | D:1      | Found a faded altar of an unknown god.
  1553 | D:1      | Gained mutation: You are partially covered in molten
                  | scales. (AC +2) [demonic ancestry]
  1553 | D:1      | Reached XP level 3. HP: 24/24 MP: 4/6
  2619 | D:3      | Gained mutation: A meltable shield of frost defends you.
                  | (SH +4) [demonic ancestry]
  2619 | D:3      | Reached XP level 4. HP: 30/30 MP: 5/7
  2645 | D:3      | Found a broken altar of Ashenzari.
  2814 | D:3      | Noticed Natasha
  2830 | D:3      | Killed Natasha
  2831 | D:3      | Reached skill level 5 in Necromancy
  2846 | D:3      | Found a glowing drain.
  2850 | D:3      | Noticed Natasha
  2885 | D:3      | Slain by an iron imp

Illustrated notes

Levels and vault maps discovered:
D:1:      moated_graveyard_arrival, layout_loops_cross, serial_forest,
          infiniplex_forest_clump_large, infiniplex_forest_lined_room_2,
          infiniplex_forest_clump_diagonal, infiniplex_forest_straight_4,
          infiniplex_forest_clump_curved, infiniplex_forest_end_2,
          infiniplex_forest_end_2, infiniplex_forest_clump_curved,
          infiniplex_forest_clump_small,
          shapermc_ecumenical_altar_starsandcircs, chequers_decorated_corner,
          grunt_decor_mini_mirrors
D:2:      layout_loops_ring, serial_bayou_pond_d
D:3:      layout_basic, overflow_temple_1_default,
          cheibrodos_sewer_entry_sluice, grunt_ministairs_15,
          mrwooster_statue_mirror, uniq_natasha

Skill      XL: |  1  2  3  4 |
---------------+-------------+-----
Stealth        | 2 |  2.9
Dodging        | 2 |  2.7
Necromancy     | 5 |  5.1
Spellcasting   | |  2.8

Action                   |  1- 3 |  4- 6 || total
-------------------------+-------+-------++-------
Melee: Dagger            |    79 |    17 ||    96
       Unarmed           |     2 |     8 ||    10
 Cast: Necrotise         |    55 |    21 ||    76
  Use: Scroll            |     7 |     3 ||    10
       Potion            |       |     6 ||     6
 Stab: Sleeping          |     2 |     2 ||     4
Armor: Robe              |    41 |    12 ||    53
       Skin              |       |    11 ||    11
Dodge: Dodged            |    71 |    97 ||   168
Block: Other             |       |    23 ||    23

Table legend: (Time is in decaauts)
 A = Elapsed time spent in this place.
 B = Non-inter-level travel time spent in this place.
 C = Inter-level travel time spent in this place.
 D = Time resting spent in this place.
 E = Time spent auto-exploring this place.
 F = Levels seen in this place.
 G = Mean time per level.
                   A        B        C        D        E       F      G
               +--------+--------+--------+--------+--------+-----+--------+
         Total |   2901 |   2867 |     34 |    692 |   1405 |   3 |  967.0 |
       Dungeon |   2901 |   2867 |     34 |    692 |   1405 |   3 |  967.0 |
               +--------+--------+--------+--------+--------+-----+--------+

Top non-repeatable levels by time:
     D:1: 1794 daAuts
     D:2: 749 daAuts
     D:3: 357 daAuts
